Map: King of Braxis Station

Players

MrFercho - Winner!

  • Race: Terran Terran
  • Spawn Location: 1:00

tigro

  • Race: Terran Terran
  • Spawn Location: 9:00

TATORREA

  • Race: Terran Terran
  • Spawn Location: 7:00

VOD

Have the link to the VOD?

Description

Time

  • Played on: March 25, 2020, 9:05 p.m.
  • Length: 31:23
Show
View Real Time Build Order
Export as new Build Order

MrFercho Terran - Winner!

Build Orders:  

Get SALT Encoding   

  12  0:20  SCV  
  13  0:29  Supply Depot  
  13  0:37  Engineering Bay  
  13  0:45  Engineering Bay  
  13  0:49  SCV  
  14  0:50  Refinery  
  14  1:11  SCV  
  15  1:21  Barracks  
  15  1:23  SCV  
  16  1:35  SCV  
  17  1:47  SCV  
  17  1:50  Refinery  
  18  2:00  SCV  
  19  2:12  SCV  
  20  2:27  SCV  
  20  2:28  Barracks Tech Lab  
  21  2:39  SCV  
  22  2:51  SCV  
  23  3:06  Factory  
  23  3:09  Orbital Command  
  23  3:13  Terran Infantry Weapons Level 1  
  23  3:18  Terran Infantry Armor Level 1  
  23  3:38  Supply Depot  
  23  3:40  Refinery  
  23  3:42  Refinery  
  23  3:44  Command Center  
  23  3:59  Marine, SCV  
  25  4:03  Factory Tech Lab  
  25  4:11  SCV  
  26  4:20  Supply Depot  
  26  4:22  Supply Depot  
  26  4:24  SCV  
  27  4:28  Siege Tank  
  30  4:46  Supply Depot  
  30  4:53  SCV  
  30  4:59  SCV  
  32  5:05  SCV  
  33  5:11  SCV  
  33  5:12  Siege Tank  
  37  5:17  SCV  
  38  5:24  SCV  
  39  5:29  SCV  
  40  5:36  SCV  
  40  5:41  SCV  
  42  5:48  SCV  
  43  5:54  SCV  
  44  6:00  SCV  
  45  6:06  SCV  
  46  6:12  SCV  
  46  6:18  SCV  
  48  6:20  Armory  
  48  6:22  Armory  
  48  6:24  Armory, SCV  
  49  6:30  SCV  
  50  6:36  Supply Depot, SCV  
  50  6:37  Supply Depot  
  50  6:39  Supply Depot  
  51  6:49  Orbital Command  
  51  6:58  SCV  
  51  6:59  Supply Depot  
  52  7:10  SCV  
  53  7:22  SCV  
  54  7:34  SCV  
  55  7:44  Command Center  
  55  7:46  SCV  
  56  7:53  Terran Ship Weapons Level 1  
  56  7:54  Terran Vehicle And Ship Armor Level 1, Terran Vehicle Weapons Level 1  
  56  7:56  Terran Infantry Weapons Level 2  
  56  7:57  Terran Infantry Armor Level 2  
  56  8:05  Command Center, Refinery  
  56  8:08  Refinery  
  56  8:20  Starport  
  56  8:21  Starport  
  56  8:22  Starport  
  56  8:25  Starport  
  56  8:28  Factory  
  56  8:40  Factory  
  56  8:50  Barracks  
  56  8:52  Barracks  
  56  8:55  Supply Depot  
  56  8:58  Supply Depot  
  56  8:59  Supply Depot  
  56  9:22  Supply Depot  
  56  9:23  Unknown  
  56  9:27  Planetary Fortress  
  56  9:32  SCV x2  
  58  9:40  Factory Tech Lab x2  
  58  9:42  Starport Tech Lab  
  58  9:43  Starport Tech Lab x3  
  58  9:44  SCV x2  
  58  9:45  Barracks Tech Lab x2  
  60  9:48  Unknown  
  60  9:51  Terran Vehicle And Ship Armor Level 2, Terran Vehicle Weapons Level 2  
  60  9:52  Terran Ship Weapons Level 2  
  60  9:56  SCV x2  
  62  10:04  Fusion Core  
  62  10:08  SCV  
  62  10:09  SCV  
  62  10:10  Fusion Core  
  62  10:11  Fusion Core  
  62  10:12  Neosteel Armor  
  62  10:13  Hi-Sec Auto Tracking  
  64  10:15  Unknown  
  64  10:20  Orbital Command  
  64  10:21  SCV x2  
  66  10:40  SCV x2, Unknown  
  68  10:51  SCV  
  68  10:52  SCV  
  68  10:53  SCV  
  71  11:03  SCV  
  72  11:04  SCV  
  72  11:05  SCV  
  74  11:16  SCV  
  74  11:17  SCV x2  
  77  11:28  SCV  
  77  11:29  SCV x2  
  80  11:40  Thor, SCV  
  80  11:41  Thor, Siege Tank  
  96  11:51  Combat Shield  
  96  11:52  Stimpack, Concussive Shells  
  96  11:57  Terran Infantry Weapons Level 3  
  96  11:58  Terran Infantry Armor Level 3  
  96  12:08  Weapon Refit  
  96  12:09  Rapid Reignition System, Advanced Ballistics  
  96  12:14  Siege Tank  
  99  12:24  Siege Tank  
  102  12:32  Ghost Academy  
  102  12:36  Ghost Academy  
  102  12:37  Ghost Academy x2  
  102  12:42  Ghost Academy  
  102  12:44  Ghost Academy  
  102  13:04  Ghost Academy  
  102  13:07  Ghost Academy  
  102  13:08  Ghost Academy  
  102  13:09  Marine  
  102  13:10  Marine x2  
  102  13:12  Ghost Academy  
  105  13:15  Ghost Academy  
  105  13:17  Ghost Academy  
  105  13:27  Marine x2  
  105  13:28  Marine, Battlecruiser x2  
  105  13:31  Battlecruiser  
  126  13:36  Ghost Academy  
  126  13:38  Ghost Academy  
  126  13:39  Ghost Academy  
  126  13:43  Ghost Academy  
  126  13:45  Marine x3  
  135  14:03  Marine x3, Battlecruiser  
  138  14:15  SCV  
  139  14:21  Marine x2  
  141  14:27  SCV  
  142  14:32  Missile Turret  
  142  14:34  Missile Turret  
  142  14:39  SCV  
  143  14:51  SCV  
  144  14:53  Missile Turret  
  144  14:56  Missile Turret  
  144  15:03  SCV  
  145  15:10  Sensor Tower  
  145  15:15  Missile Turret  
  145  15:17  Missile Turret  
  140  15:37  Missile Turret  
  140  15:39  Missile Turret  
  130  15:59  Missile Turret  
  130  16:02  Missile Turret  
  125  16:21  Missile Turret  
  125  16:23  Missile Turret  
  125  16:42  Missile Turret  
  120  17:06  Terran Ship Weapons Level 3, Terran Vehicle Weapons Level 3  
  120  17:07  Terran Vehicle And Ship Armor Level 3  
  117  17:28  Starport  
  117  17:30  Starport  
  117  17:32  Starport  
  117  17:33  Starport x2  
  117  17:35  Starport  
  117  17:57  Enhanced Shockwaves, Personal Cloaking  
  117  17:59  Nuke x6  
  117  18:00  Nuke x7  
  117  18:01  Nuke  
  117  18:07  Ghost x3  
  123  18:35  Ghost x2  
  123  18:36  Ghost  
  129  18:53  Medivac x4  
  137  19:04  Infernal Pre-Igniter, Ghost x3  
  137  19:05  Mag-Field Accelerator, Drilling Claws  
  137  19:09  Cloaking Field, Corvid Reactor  
  143  19:11  Hyperflight Rotors  
  143  19:16  Nuke  
  143  19:23  Nuke  
  143  19:24  Supply Depot  
  143  19:25  Supply Depot  
  143  19:26  Supply Depot x2  
  143  19:27  Supply Depot  
  143  19:28  Supply Depot  
  143  19:30  Supply Depot  
  143  19:31  Supply Depot  
  143  19:32  Ghost x2  
  143  19:33  Ghost  
  149  19:49  Supply Depot x2  
  149  19:50  Supply Depot  
  149  19:51  Supply Depot  
  149  19:52  Supply Depot  
  149  19:54  Supply Depot  
  149  19:55  Supply Depot  
  149  19:56  Supply Depot  
  149  20:01  Ghost  
  151  20:23  Smart Servos  
  151  20:33  Starport Tech Lab  
  151  20:34  Starport Tech Lab x5  
  151  20:50  Thor x2  
  151  20:51  Thor  
  169  20:59  Sensor Tower  
  169  21:23  Sensor Tower  
  169  21:24  Battlecruiser x5  
  152  25:05  Battlecruiser x4  
  152  25:06  Battlecruiser x4  
  200  26:21  Nuke x3  
  200  26:22  Nuke x6  
  200  26:23  Nuke x5  
  200  26:24  Nuke  
Show
View Real Time Build Order
Export as new Build Order

tigro Terran 

Build Orders:  

Get SALT Encoding   

  12  0:03  SCV  
  13  0:19  Supply Depot  
  13  0:20  SCV  
  14  0:30  Refinery  
  14  0:32  SCV  
  15  0:37  Refinery  
  15  0:44  SCV  
  16  1:03  SCV  
  17  1:05  Barracks  
  17  1:15  SCV  
  18  1:27  SCV  
  19  1:36  Supply Depot  
  20  1:40  SCV  
  20  1:52  SCV  
  21  1:55  Barracks, Marine  
  22  2:13  Marine  
  23  2:25  Engineering Bay  
  23  2:30  Marine  
  24  2:44  Barracks Tech Lab  
  24  2:48  Marine  
  24  2:50  Supply Depot  
  25  3:03  Factory  
  25  3:06  Marine  
  25  3:10  Marauder  
  25  3:11  Combat Shield  
  28  3:25  Barracks Tech Lab  
  28  3:31  Marauder  
  28  3:33  Missile Turret  
  30  3:34  Orbital Command  
  30  3:51  Factory Tech Lab  
  30  4:04  Factory  
  30  4:19  Infernal Pre-Igniter, Missile Turret  
  30  4:30  Stimpack  
  30  4:31  Terran Infantry Weapons Level 1  
  30  4:40  Armory  
  30  4:50  Marine  
  31  4:59  Marauder  
  33  5:02  Factory Tech Lab  
  33  5:08  Marine  
  33  5:10  Siege Tank  
  37  5:26  Marine  
  38  5:31  Starport  
  38  5:37  Mag-Field Accelerator  
  38  5:43  Marine  
  39  6:10  Concussive Shells  
  39  6:17  Supply Depot  
  39  6:25  Terran Infantry Armor Level 1  
  39  6:39  SCV  
  40  6:41  Medivac  
  42  6:53  Marine  
  43  7:14  Starport  
  43  7:17  Drilling Claws  
  43  7:24  Terran Vehicle Weapons Level 1  
  43  7:40  Siege Tank  
  46  7:47  Marine  
  47  7:51  Marine  
  47  7:56  Starport Tech Lab  
  48  7:58  Starport Tech Lab  
  48  8:05  Marine  
  48  8:09  Marine  
  50  8:19  Terran Infantry Weapons Level 2  
  50  8:23  Marine  
  50  8:25  Fusion Core  
  51  8:27  Marine  
  52  8:36  Smart Servos  
  52  8:41  Marine  
  53  8:45  Marine  
  54  8:58  Marine  
  55  9:02  Marine  
  56  9:18  Missile Turret  
  56  9:24  Missile Turret  
  56  9:31  Corvid Reactor  
  56  9:41  Missile Turret  
  56  9:59  Missile Turret  
  56  10:08  Missile Turret  
  56  10:19  Marine  
  57  10:22  Marine  
  58  10:35  Terran Infantry Armor Level 2  
  58  10:37  Marine  
  58  10:40  Marine  
  60  10:49  Cloaking Field, Siege Tank  
  63  10:54  Marine  
  64  10:58  Marine  
  65  11:12  Marine  
  65  11:15  Marine  
  67  11:30  Marine  
  68  11:33  Marine  
  69  11:44  Missile Turret  
  69  11:51  Missile Turret  
  69  12:09  Hyperflight Rotors  
  69  12:14  Marine  
  70  12:32  Supply Depot, Marine  
  71  12:49  Marine  
  71  12:51  Terran Vehicle Weapons Level 2, Hi-Sec Auto Tracking, Missile Turret  
  72  13:07  Marine  
  72  13:08  Medivac  
  75  13:25  Marine  
  76  13:46  Missile Turret  
  76  13:48  Terran Infantry Weapons Level 3  
  76  13:54  Missile Turret  
  78  14:13  Marauder  
  78  14:16  Marine  
  79  14:34  Marine  
  79  14:35  Marauder  
  79  14:37  Missile Turret  
  82  14:39  Missile Turret  
  82  14:52  Marine  
  83  14:56  Marauder  
  85  15:07  Terran Vehicle And Ship Armor Level 1  
  85  15:10  Marine  
  86  15:15  Missile Turret  
  86  15:17  Missile Turret  
  86  15:28  Marine  
  67  15:38  Missile Turret  
  33  15:50  Marauder  
  33  15:54  Marauder  
  37  15:58  Siege Tank  
  37  16:12  Marauder  
  37  16:15  Marauder  
  41  16:25  Neosteel Armor  
  40  16:33  Marauder  
  40  16:37  Marauder  
  44  16:55  Marauder  
  44  16:58  Marauder  
  48  17:01  Terran Ship Weapons Level 1  
  48  17:06  Thor  
  54  17:11  Banshee  
  54  17:14  Medivac  
  59  17:16  Marauder  
  59  17:20  Marauder  
  63  17:28  Thor  
  69  17:37  Marine  
  70  17:53  Siege Tank  
  70  17:55  Marine  
  74  18:00  Marine  
  74  18:05  Terran Infantry Armor Level 3  
  75  18:12  Marine  
  75  18:17  Marine  
  77  18:30  Marine  
  78  18:35  Marine  
  79  18:48  Marine  
  79  18:51  Battlecruiser  
  79  18:53  Marine  
  87  19:14  Missile Turret  
  87  19:26  Supply Depot  
  87  19:37  Marine x2  
  89  19:45  Battlecruiser  
  95  20:10  Siege Tank  
  95  20:13  Marine  
  99  20:31  Marine  
  100  20:37  Missile Turret  
  100  20:41  Missile Turret  
  100  20:49  Marine  
  101  21:03  Medivac  
  103  21:19  Supply Depot  
  103  21:28  Missile Turret  
  103  21:40  Marine  
  103  21:45  Missile Turret  
  104  21:58  Marine  
  105  22:11  Marine  
  106  22:18  Bunker  
  106  22:29  Marine  
  107  22:35  Battlecruiser  
  113  22:46  Marine  
  113  22:50  Missile Turret  
  114  22:52  Battlecruiser  
  120  23:04  Marine  
  121  23:22  Marine  
  42  25:14  Weapon Refit  
  42  25:18  Battlecruiser  
  42  25:21  Battlecruiser  
  54  25:33  Missile Turret  
  54  25:40  Marine  
  55  25:43  Marine  
  55  25:49  Siege Tank  
  59  25:54  Missile Turret  
  59  25:58  Marine  
  59  26:01  Marine  
  61  26:05  Siege Tank  
  64  26:16  Marine  
  65  26:19  Marine  
  66  26:34  Marine  
  66  26:37  Marine  
  68  26:51  Marine  
  68  26:54  Rapid Reignition System  
  69  26:55  Marine  
  70  27:02  Missile Turret  
  70  27:09  Marine  
  70  27:13  Marine  
  72  27:27  Marine  
  73  27:50  Advanced Ballistics  
  56  28:56  Missile Turret  
  44  29:04  Missile Turret  
Show
View Real Time Build Order
Export as new Build Order

TATORREA Terran 

Build Orders:  

Get SALT Encoding   

  12  0:23  SCV  
  13  0:34  Refinery  
  13  0:35  SCV  
  14  0:42  Refinery  
  14  0:47  SCV  
  15  0:51  Supply Depot  
  15  1:13  Supply Depot, SCV  
  16  1:25  SCV  
  17  2:04  Supply Depot  
  17  2:10  SCV  
  18  2:22  SCV  
  19  2:27  Supply Depot  
  19  2:34  SCV  
  20  2:46  SCV  
  20  2:50  Supply Depot  
  21  2:58  SCV  
  22  3:09  Engineering Bay  
  22  3:10  SCV  
  23  3:16  Supply Depot  
  23  3:22  SCV  
  24  3:34  SCV  
  24  3:37  Barracks  
  24  3:38  Supply Depot  
  25  3:48  Planetary Fortress  
  25  4:16  Supply Depot  
  25  4:24  Terran Infantry Weapons Level 1  
  25  4:37  Ghost Academy  
  25  4:39  Supply Depot, Barracks Tech Lab  
  25  5:02  Supply Depot  
  25  5:07  Factory  
  25  5:08  Marauder  
  27  5:29  Marauder, Supply Depot  
  29  5:36  Enhanced Shockwaves  
  29  5:50  Marauder  
  29  5:52  Supply Depot  
  31  6:06  Armory  
  31  6:12  Marauder  
  31  6:15  Supply Depot  
  33  6:18  Terran Infantry Armor Level 1  
  33  6:21  Widow Mine  
  35  6:33  Marauder  
  37  6:51  Supply Depot  
  37  6:54  Reaper  
  37  6:55  Supply Depot, Personal Cloaking  
  37  6:58  Terran Ship Weapons Level 1  
  38  7:15  Supply Depot  
  38  7:18  Supply Depot  
  38  7:36  Factory Tech Lab  
  38  7:39  Supply Depot  
  38  7:43  Marauder  
  40  8:05  Marauder  
  42  8:06  Siege Tank  
  45  8:13  Hi-Sec Auto Tracking  
  45  8:20  Nuke  
  45  8:26  Marauder  
  47  8:47  Marauder, Thor  
  55  8:52  Terran Vehicle And Ship Armor Level 1  
  55  9:09  Marauder  
  57  9:10  Neosteel Armor  
  57  9:43  Thor  
  63  10:26  Thor  
  69  10:32  Marine  
  70  10:46  Terran Vehicle Weapons Level 1  
  70  10:50  Marine  
  71  11:08  Marine  
  71  11:09  Supply Depot, Thor  
  78  11:26  Marine  
  79  11:44  Marine  
  80  11:47  Supply Depot  
  80  11:52  Thor  
  86  12:17  Marine  
  87  12:35  Thor, Marine  
  94  12:47  Terran Infantry Weapons Level 2  
  94  12:53  Marine  
  95  13:11  Marine  
  96  13:18  Siege Tank  
  99  13:28  Marine  
  99  13:32  Starport  
  100  13:46  Marine  
  101  13:52  Thor  
  107  14:04  Marine  
  108  14:10  Supply Depot  
  108  14:22  Marine  
  109  14:31  Medivac  
  111  14:33  Fusion Core  
  111  15:17  Starport Tech Lab  
  111  15:24  Weapon Refit  
  111  15:52  Marine  
  112  16:10  Marine  
  113  16:28  Marine  
  114  16:46  Marine  
  73  17:04  Rapid Reignition System, Marine  
  73  17:06  Thor  
  35  17:33  Marine  
  36  17:49  Thor  
  36  17:51  Marine  
  43  18:01  Advanced Ballistics  
  43  18:09  Marine  
  44  18:27  Marine  
  44  18:32  Siege Tank  
  48  18:44  Marine  
  48  18:45  Medivac  
  51  19:02  Marine  
  52  19:15  Barracks, Battlecruiser  
  58  19:20  Marine  
  59  19:38  Marine  
  60  19:39  Terran Ship Weapons Level 2  
  60  19:56  Marine  
  61  20:04  Barracks  
  61  20:13  Marine  
  62  20:31  Marine  
  63  21:06  Barracks Reactor  
  63  21:17  Barracks Reactor  
  63  21:25  Thor  
  69  21:51  Marine x2  
  71  21:54  Terran Vehicle And Ship Armor Level 2  
  71  22:05  Marine x2  
  73  22:08  Marine  
  73  22:09  Marine  
  73  22:15  Battlecruiser  
  81  22:23  Marine x2  
  81  22:26  Marine x2  
  85  22:38  Bunker  
  85  22:41  Marine x2  
  87  22:44  Marine x2  
  89  22:58  Marine  
  89  22:59  Marine  
  87  23:40  Bunker  
  65  24:36  Command Center  
Tags
 
Add a new tag
Caveats
  • Supply blocks, unpowered buildings, or Contaminate may cause inaccurate times.
  • Supply counts are checked every 10 seconds.